 Dungeon Crawl Stone Soup version 0.29.1-15-g9cfb28693d (webtiles) character file.

Game seed: 5494049445647391343

79 112233 the Trooper (level 4, -1/38 HPs)
             Began as a Demonspawn Monk on Feb 23, 2023.
             Slain by a gnoll
             ... wielding a +0 whip
              (4 damage)
             ... on level 2 of the Dungeon.
             The game lasted 00:01:57 (2091 turns).

112233 the Trooper (Demonspawn Monk)                Turns: 2091, Time: 00:01:58

Health: -1/38      AC:  4    Str: 12    XL:     4   Next: 17%
Magic:  4/4        EV: 13    Int: 13    God:
Gold:   117        SH:  0    Dex: 15    Spells: 3/3 levels left

rFire   . . .      SeeInvis .   e - +0 rapier
rCold   . . .      Faith    .   (no shield)
rNeg    . . .      Spirit   .   a - +0 robe
rPois   .          Reflect  .   (no helmet)
rElec   .          Harm     .   (no cloak)
rCorr   .          Rampage  .   (no gloves)
Will    .....                   (no boots)
Stlth   ++........              (no amulet)
HPRegen 0.12/turn               (no ring)
MPRegen 0.09/turn               (no ring)

@: no status effects
A: slimy green scales 1, foul stench 1, powered by pain 1
a: no special abilities


You were on level 2 of the Dungeon.
You visited 1 branch of the dungeon, and saw 2 of its levels.

You collected 117 gold pieces.

Inventory:

Hand Weapons
 e - a +0 rapier (weapon)
Armour
 a - a +0 robe (worn)
Jewellery
 j - a +6 ring of dexterity
Scrolls
 b - a scroll of magic mapping {unknown}
 c - a scroll of butterflies {unknown}
 d - 3 scrolls of blinking {unknown}
 f - a scroll of enchant armour {unknown}
 g - a scroll of amnesia {unknown}
 k - a scroll of teleportation {unknown}
 l - 2 scrolls of identify {unknown}
 m - a scroll of poison {unknown}
Potions
 h - a potion of curing
 i - a potion of heal wounds {unknown}
 n - a potion of invisibility {unknown}


   Skills:
 + Level 4.6 Fighting
 - Level 2.9 Dodging
 - Level 2.1 Stealth
 - Level 2.9 Unarmed Combat


You had 3 spell levels left.
You didn't know any spells.
Your spell library contained the following spells:

 Spells                   Type           Power      Damage    Failure   Level
 Confusing Touch          Hex            0%         N/A       67%         3
 Vampiric Draining        Necr           0%         2d6       67%         3
 Yara's Violent Unravell  Hex/Tmut       0%         3d3       100%        5
 Enfeeble                 Hex            0%         N/A       100%        7
 Borgnjor's Revivificati  Necr           0%         N/A       100%        8
 Necromutation            Tmut/Necr      0%         N/A       100%        8


Dungeon Overview and Level Annotations

Branches:
Dungeon (2/15)

Altars:

Shops:
D:1 !:   D:2 (


Innate Abilities, Weirdness & Mutations

You are partially covered in slimy green scales. (AC +2)
You may rarely emit foul miasma when damaged in melee.
You sometimes gain a little power by taking damage.


Message History

No target in view!
n - an inky potion You now have 117 gold pieces (gained 3).
Things that are here:
a +0 sling; a +0 quarterstaff; 5 stones
Found an escape hatch in the ceiling.
A gnoll comes into view. It is wielding a +0 flail.
The gnoll shouts!
A gnoll is nearby!
A gnoll comes into view. It is wielding a +0 whip.
Found a faded altar of an unknown god.
A gnoll comes into view. It is wielding a +0 spear.
The gnoll shouts!
You hear a shout!
The gnoll hits you with a +0 flail.
You hit the gnoll but do no damage. The gnoll hits you with a +0 flail!
A gnoll comes into view. It is wielding a +0 spear.
The gnoll hits you with a +0 flail.
You hit the gnoll. You punch the gnoll, but do no damage.
The gnoll is moderately wounded.
The gnoll hits you with a +0 flail!
* * * LOW HITPOINT WARNING * * *
You emit a cloud of foul miasma!
You are too injured to fight recklessly!
Unknown command.
You closely miss the gnoll.
The gnoll is moderately wounded.
The gnoll hits you from afar with a +0 spear.
* * * LOW HITPOINT WARNING * * *
The gnoll closely misses you.
The gnoll is engulfed in dark miasma.
The gnoll is poisoned.
The gnoll closely misses you.
Unknown command.
The gnoll is engulfed in dark miasma.
The gnoll looks even sicker.
You kill the gnoll!
Unknown command.
You closely miss the gnoll.
Unknown command.
The gnoll attacks as you move away! The gnoll hits you with a +0 whip.
* * * LOW HITPOINT WARNING * * *
The gnoll attacks as you move away! The gnoll hits you with a +0 whip.
You die...

......÷...###...........
.#.........#..........#
.................#....#
..............)..#..#.#.
........................
...........†..##........
..............##........
##########...###....#'##
...... #.#.###@.....#
####.. #.#...g......'. #
#.....g......## #
#............# .
#....○g..###.# #
#..........#.# #
#.....<....'.#
#..........#.
#...........#


You could see 3 gnolls.

Vanquished Creatures
  A gnoll (D:2)
  An adder (D:2)
  A worm (D:2)
  3 dart slugs (D:1)
  3 endoplasms
  A giant cockroach (D:1)
  3 hobgoblins (D:1)
  4 jackals (D:2)
  5 kobolds
  3 quokkas (D:1)
  3 ball pythons
  4 bats
  6 frilled lizards
  6 goblins
  6 rats
50 creatures vanquished.

Notes
Turn   | Place    | Note
-------+----------+-------------------------------------------
     0 | D:1      | 112233 the Demonspawn Monk began the quest for the Orb.
     0 | D:1      | Reached XP level 1. HP: 18/18 MP: 1/1
   441 | D:1      | Got Rutal's Collected Works on Shadows
   462 | D:1      | Gained mutation: You sometimes gain a little power by
                  | taking damage. [demonic ancestry]
   462 | D:1      | Reached XP level 2. HP: 23/24 MP: 2/2
   817 | D:1      | Gained mutation: You may rarely emit foul miasma when
                  | damaged in melee. [demonic ancestry]
   817 | D:1      | Reached XP level 3. HP: 28/30 MP: 3/3
   914 | D:1      | Found Uwko Goqyf's Vocational Training.
  1122 | D:1      | Found Emounk's Distillery.
  1249 | D:2      | Reached skill level 4 in Fighting
  1841 | D:2      | Found Lyjec's Antique Weapon Shoppe.
  2036 | D:2      | Gained mutation: You are partially covered in slimy green
                  | scales. (AC +2) [demonic ancestry]
  2036 | D:2      | Reached XP level 4. HP: 33/38 MP: 4/4
  2082 | D:2      | Found a faded altar of an unknown god.
  2091 | D:2      | Slain by a gnoll

Illustrated notes

Levels and vault maps discovered:
D:1:      nicolae_arrival_memento_mori, layout_loops_cross, serial_shops,
          nicolae_shop_stone, st_stairs_9, nicolae_shop_vocational
D:2:      minmay_recursive_quarters, layout_basic, basic_ecumenical_altar,
          serial_shops, shop, corexii_item_surrounded_by_moat, st_stairs_1

Skill      XL: |  1  2  3 |
---------------+----------+-----
Stealth        | 2 |  2.1
Fighting       | 4 |  4.6
Dodging        | |  2.9
Unarmed Combat | |  2.9

Action                   |  1- 3 |  4- 6 || total
-------------------------+-------+-------++-------
Melee: Rapier            |   161 |     5 ||   166
       Punch             |     2 |     1 ||     3
  Use: Potion            |     2 |       ||     2
 Stab: Sleeping          |     3 |       ||     3
Armor: Robe              |    38 |       ||    38
Dodge: Dodged            |   148 |     2 ||   150
